 Dungeon Crawl Stone Soup version 0.23-a0-650-ga4d50d4 (webtiles) character file.

105 Borgoz the Sneak (level 5, -1/35 HPs)
             Began as a Halfling Assassin on Jan 2, 2019.
             Killed by nerve-wracking pain
             ... invoked by Grinder
              (14 damage)
             ... on level 2 of the Dungeon.
             The game lasted 00:06:31 (1967 turns).

Borgoz the Sneak (Halfling Assassin)                Turns: 1967, Time: 00:06:32

Health: -1/35      AC:  5    Str: 12    XL:     5   Next: 9%
Magic:  5/5        EV: 14    Int:  9    God:
Gold:   115        SH:  0    Dex: 17    Spells: 4/4 levels left

rFire    . . .     SeeInvis .   b - +0 blowgun
rCold    . . .     Gourm    .   (shield restricted)
rNeg     . . .     Faith    .   c - +0 robe
rPois    .         Spirit   .   (no helmet)
rElec    .         Reflect  .   m - +2 cloak {+Inv}
rCorr    .         Harm     .   (no gloves)
MR       .....                  (no boots)
Stlth    +++.......             (no amulet)
HPRegen  0.11/turn              (no ring)
MPRegen  0.09/turn              (no ring)

@: no status effects
A: small, mutation resistance 1
a: Evoke Invisibility


You were on level 2 of the Dungeon.
You were not hungry.

You visited 1 branch of the dungeon, and saw 3 of its levels.

You collected 115 gold pieces.

Inventory:

Hand Weapons
 a - a +3 dagger of venom
 b - a +0 blowgun (weapon)
 p - a +0 dagger of protection
Missiles
 e - 4 poisoned needles (quivered)
 f - 2 curare-tipped needles
Armour
 c - a +0 robe (worn)
 m - a +2 cloak of invisibility (worn)
Scrolls
 d - 4 scrolls of enchant armour
 h - 2 scrolls of identify
 i - 2 scrolls of enchant weapon {unknown}
 k - 3 scrolls of fear
 n - 2 scrolls of amnesia {unknown}
 o - a scroll of remove curse
 r - a scroll of immolation {unknown}
Potions
 j - a potion of heal wounds {unknown}
 l - 2 potions of might {unknown}
Comestibles
 g - 5 rations


   Skills:
 + Level 2.3 Fighting
 + Level 3.3 Short Blades
 + Level 2.0 Throwing
 + Level 1.6 Dodging
 + Level 5.9 Stealth
 + Level 0.3 Evocations


You had 4 spell levels left.
You didn't know any spells.
Your spell library was empty.

Dungeon Overview and Level Annotations

Branches:
Dungeon (3/15)

Altars:

Annotations:
D:2 Grinder


Innate Abilities, Weirdness & Mutations

You are small and have problems with some larger weapons.
You are somewhat resistant to further mutation.


Message History

Grinder is moderately wounded.
Grinder hits you.
You writhe in agony.
You hit Grinder.
Grinder is moderately wounded.
You hit Grinder.
Grinder is heavily wounded.
Grinder hits you!
You writhe in agony.
Grinder gestures at you.
You suddenly lose the ability to move!
Grinder blinks!
You can move again.
There is a stone staircase leading up here.
Your +3 dagger of venom stops dripping with poison.
b - a +0 blowgun (weapon)
Grinder closely misses you.
You climb upwards.
There is a stone staircase leading down here.
Grinder gestures at you. Pain shoots through your body!
You die...

#.#.########.# ####.....#
#.#..........####........#
#.##########......##.#<######
..# #.####.##........# ###
#.####.##.#.####.#
#.#.........## #.#
#.#.##.......# #.#####
###.#.##.#...#.# #.....#
#......@.#####.# #####.#
#.###5#.## #.# #.# #.##..#.#
###.### #.# #.##>##.# #.....#
###.# #.....).# #.....# #....
####...## #.....# #.... #...#
#.....# #.##. ##.## #....)#
#.##) #.# ####### #.##.


You could see Grinder.

Vanquished Creatures
  A gnoll (D:1)
  3 adders (D:2)
  An ooze (D:2)
  A worm (D:2)
  A dart slug (D:1)
  2 orcs (D:3)
  2 ball pythons (D:2)
  4 bats
  3 giant cockroaches
  8 goblins
  3 hobgoblins (D:2)
  7 jackals
  5 kobolds
  A quokka (D:2)
  8 frilled lizards
  A leopard gecko zombie (D:3)
  8 rats
59 creatures vanquished.

Notes
Turn   | Place    | Note
-------+----------+-------------------------------------------
     0 | D:1      | Borgoz the Halfling Assassin began the quest for the Orb.
     0 | D:1      | Reached XP level 1. HP: 14/14 MP: 1/1
    78 | D:1      | Reached XP level 2. HP: 17/19 MP: 2/2
   200 | D:1      | Reached skill level 5 in Stealth
   200 | D:1      | Reached XP level 3. HP: 17/24 MP: 3/3
   919 | D:2      | Reached XP level 4. HP: 29/29 MP: 4/4
  1598 | D:3      | Reached XP level 5. HP: 35/35 MP: 5/5
  1722 | D:3      | Noticed Grinder
  1730 | D:3      | Paralysed by Grinder for 4 turns
  1956 | D:3      | Paralysed by Grinder for 5 turns
  1967 | D:2      | Killed from afar by Grinder

Vault maps used:
D:1:      psy_arrival_spokes, minmay_liquid_box
D:2:      first_ration
D:3:      kb_forest_paths, minmay_misc_feat_columns, uniq_grinder

Skill      XL: |  1  2  3  4 |
---------------+-------------+-----
Fighting       | 2 |  2.3
Stealth        | 5 |  5.9
Short Blades   | 3 |  3.3
Throwing       | |  2.0
Dodging        | |  1.6
Evocations     | |  0.3

Action                   |  1- 3 |  4- 6 || total
-------------------------+-------+-------++-------
Melee: Dagger            |    72 |   171 ||   243
 Fire: Blowgun           |     1 |     4 ||     5
 Abil: Evoke Invisibilit |     1 |       ||     1
  Use: Scroll            |     5 |       ||     5
 Stab: Sleeping          |     6 |     4 ||    10
  Eat: Chunk             |       |     4 ||     4
Armor: Robe              |    11 |    52 ||    63
Dodge: Dodged            |    64 |    91 ||   155

Table legend:
 A = Non-vault XP
 B = Vault XP
 C = Vault XP percentage of total XP
 D = Non-vault monster count
 E = Vault monster count
 F = Vault count percentage of total count
                 A         B        C        D         E       F
            +---------+---------+-------+---------+---------+-------
      Total |     146 |       5 |   3.3 |      56 |       3 |   5.1
            +---------+---------+-------+---------+---------+-------
        D:1 |      48 |       0 |   0.0 |      24 |       0 |   0.0
        D:2 |      82 |       0 |   0.0 |      24 |       0 |   0.0
        D:3 |      16 |       5 |  23.8 |       8 |       3 |  27.3
            +---------+---------+-------+---------+---------+-------
